 Dungeon Crawl Stone Soup version 0.30-a0-4-ga7cffc901d (webtiles) character file.

Game seed: 11413816807625551185

40 Setbun the Sneak (level 3, 0/21 HPs)
             Began as a Kobold Brigand on Aug 21, 2022.
             Slain by an orc
             ... wielding a +0 hand axe
              (5 damage)
             ... on level 2 of the Dungeon.
             The game lasted 00:01:07 (1215 turns).

Setbun the Sneak (Kobold Brigand)                   Turns: 1215, Time: 00:01:08

Health: 0/21       AC:  4    Str:  7    XL:     3   Next: 72%
Magic:  3/3        EV: 14    Int: 16    God:
Gold:   81         SH:  0    Dex: 17    Spells: 2/2 levels left

rFire   . . .      SeeInvis .    h - +3 dagger (drain)
rCold   . . .      Faith    .    (no shield)
rNeg    . . .      Spirit   .    b - +0 robe
rPois   .          Reflect  .    i - +0 helmet
rElec   .          Harm     .    c - +0 cloak
rCorr   .          Rampage  .    (no gloves)
Will    .....                    (no boots)
Stlth   ++++......               (no amulet)
HPRegen 0.87/turn                (no ring)
MPRegen 0.08/turn                (no ring)

@: brilliant
A: small, no large weapons, nightstalker 3, clever 1, regeneration 1, evolution
1
a: no special abilities


You were on level 2 of the Dungeon.
You visited 1 branch of the dungeon, and saw 2 of its levels.

You collected 81 gold pieces.

Inventory:

Hand Weapons
 a - a +2 dagger
 h - a +3 dagger of draining (weapon)
Missiles
 d - 12 poisoned darts (quivered)
 e - 3 curare-tipped darts
Armour
 b - a +0 robe (worn)
 c - a +0 cloak (worn)
 i - a +0 helmet (worn)
Scrolls
 f - 2 scrolls of enchant armour {unknown}
 g - 3 scrolls of magic mapping {unknown}
 j - a scroll of poison {unknown}
 l - a scroll of torment {unknown}
 m - a scroll of identify {unknown}
 o - a scroll of summoning {unknown}
Potions
 p - a potion of invisibility {unknown}


   Skills:
 - Level 2.1 Fighting
 * Level 5.1 Short Blades
 - Level 2.1 Throwing
 - Level 1.2 Dodging
 - Level 5.3 Stealth


You had 2 spell levels left.
You didn't know any spells.
Your spell library was empty.

Dungeon Overview and Level Annotations

Branches:
Dungeon (2/15)

Altars:


Innate Abilities, Weirdness & Mutations

You are small and have problems with some larger weapons.
You are completely attuned to the shadows.
Your mind is acute. (Int +4, Str/Dex -1)
Your natural rate of healing is unusually fast.
You have hidden genetic potential.


Message History

Your Short Blades skill increases to level 5!
No target in view!
No target in view!
No target in view!
No target in view!
No target in view!
No target in view!
No target in view!
No target in view!
No target in view!
No target in view!
No target in view!
No target in view!
No target in view!
p - a sapphire potion You see here an adder corpse. 2 orcs come into view.
There are monsters nearby!
An orc priest and 2 orcs come into view.
The orc shouts! x4; The orc priest shouts!
The orc attacks as you move away! The orc barely misses you.
The orc attacks as you move away! The orc hits you but does no damage.
The orc attacks as you move away! The orc closely misses you.
The orc priest mumbles some strange prayers to Beogh against you.
Beogh smites you!
Ouch! That really hurt!
The orc attacks as you move away! The orc misses you.
The orc attacks as you move away! The orc misses you.
You hit the orc.
The orc is moderately wounded.
The orc attacks as you move away! The orc hits you with a +0 hand axe.
* * * LOW HITPOINT WARNING * * *
It was a potion of brilliance.
You feel clever all of a sudden. The orc completely misses you.
It was a potion of mutation.
You feel extremely strange.
You feel a hidden potential growing inside you.
You feel clever.
You begin to heal more quickly.
The orc hits you with a +0 hand axe.
You die...

# # # # #.##. #.##.### #.# .(.#
#.####.##########################
..............oo@................
#.####.##.....o##################
#.##....+.......o.#
#..#.#..#......##o#########
##.#.#..#......##.o........
...#.#..+.........o........
#..#.#..#......###.........
.....#.....................
######.############'#######


You could see 3 orcs.

Vanquished Creatures
  An adder (D:2)
  A dart slug (D:2)
  An endoplasm (D:1)
  2 giant cockroaches
  3 goblins (D:1)
  A hobgoblin (D:1)
  3 jackals (D:2)
  A kobold (D:1)
  2 quokkas
  2 ball pythons
  6 bats
  2 frilled lizards
  3 rats (D:1)
28 creatures vanquished.

Notes
Turn   | Place    | Note
-------+----------+-------------------------------------------
     0 | D:1      | Setbun the Kobold Brigand began the quest for the Orb.
     0 | D:1      | Reached XP level 1. HP: 12/12 MP: 1/1
   243 | D:1      | Reached XP level 2. HP: 15/17 MP: 2/2
   726 | D:2      | Reached XP level 3. HP: 21/21 MP: 3/3
  1118 | D:2      | Reached skill level 5 in Short Blades
  1215 | D:2      | Gained mutation: You have hidden genetic potential. [potion
                  | of mutation]
  1215 | D:2      | Gained mutation: Your mind is acute. (Int +4, Str/Dex -1)
                  | [potion of mutation]
  1215 | D:2      | Gained mutation: Your natural rate of healing is unusually
                  | fast. [potion of mutation]
  1215 | D:2      | Slain by an orc

Illustrated notes

Levels and vault maps discovered:
D:1:      spicycebolla_arrival_clurvy, layout_rooms,
          chequers_serial_rivers_small_b
D:2:      layout_basic, uniq_robin

Skill      XL: |  1  2  3 |
---------------+----------+-----
Short Blades   | 3 4 5 |  5.1
Fighting       | |  2.1
Throwing       | |  2.1
Dodging        | |  1.2
Stealth        | |  5.3

Action                   || total
-------------------------++-------
Melee: Dagger            ||    61
  Use: Potion            ||     2
 Stab: Sleeping          ||    15
Armor: Robe              ||    17
Dodge: Dodged            ||    43

Table legend: (Time is in decaauts)
 A = Elapsed time spent in this place.
 B = Non-inter-level travel time spent in this place.
 C = Inter-level travel time spent in this place.
 D = Time resting spent in this place.
 E = Time spent auto-exploring this place.
 F = Levels seen in this place.
 G = Mean time per level.
                   A        B        C        D        E       F      G
               +--------+--------+--------+--------+--------+-----+--------+
         Total |   1203 |   1193 |     10 |      0 |    999 |   2 |  601.5 |
       Dungeon |   1203 |   1193 |     10 |      0 |    999 |   2 |  601.5 |
               +--------+--------+--------+--------+--------+-----+--------+

Top non-repeatable levels by time:
     D:1: 686 daAuts
     D:2: 517 daAuts
